AoeStats
← x Turbo0

Arabia

504938829Analyzed
1v1 RM · 25d ago on Sep 7, 2026· 32m 38s· 2 players
Game mode
Random Map
Map size
Tiny (2 player)
Population
200
Speed
Normal
Resources
Standard
Victory
Conquest
Starting age
Dark Age
Ending age
Imperial Age
RankedLock teamsTeams togetherTeam positionsShared explorationLock speedFull tech treeHidden civsTurbo modeCheats
Victory
Defeat
🇲🇽 Italians · Mexico
1049
+16
🇦🇺 Mongols · Australia
1041
-16
Snappa
6:21 Loom
9:09 Feudal Age
16:51 Scale Barding Armor
29:20 Fletching
34:01 Castle Age
x Turbo0
7:34 Loom
9:48 Feudal Age
10:16 Double-Bit Axe
16:27 Fletching
18:01 Padded Archer Armor
29:29 Castle Age
27:37 Gold Mining
27:38 Horse Collar
30:10 Bodkin Arrow
29:38 Crossbowman
30:40 Bow Saw
30:32 Heavy Plow
Connection lost

Rejoining the realm…

Still unreachable

The connection could not be restored.

Session expired

The server has moved on; the page needs a fresh start.